 Dungeon Crawl Stone Soup version 0.19.0 (webtiles) character file.

7247 syranez the Cleaver (level 10, -6/135 HPs)
             Began as a Purple Draconian Berserker on Nov 1, 2016.
             Was a High Priest of Trog.
             Mangled by a black mamba (12 damage)
             ... on level 1 of the Lair of Beasts.
             The game lasted 00:25:29 (10873 turns).

syranez the Cleaver (Purple Draconian Berserker)   Turns: 10873, Time: 00:25:30

Health: -6/135     AC:  8    Str: 25    XL:     10   Next: 88%
Magic:  10/10      EV: 16    Int:  9    God:    Trog [*****.]
Gold:   548        SH:  0    Dex: 12    Spells: 0 memorised, 9 levels left

rFire  + . .     SeeInvis +     D - +0 war axe
rCold  . . .     Gourm    .     (armour unavailable)
rNeg   . . .     Faith    +     (no shield)
rPois  .         Spirit   .     (helmet restricted)
rElec  .         Reflect  .     G - +0 cloak
rCorr  .         Harm     .     (no gloves)
MR     +....     Rnd*Rage +     (no boots)
Stlth  ..........               g - amulet of faith
                                i - ring of protection from fire
                                j - ring of flight

@: berserking, lethally poisoned (-6 -> -9), starving, very quick
A: breathe power, unfitting armour, see invisible, berserk 1, sense surroundings
1, wild magic 1, cold-blooded, AC +7
a: Breathe Dispelling Energy, Berserk, Trog's Hand, Brothers in Arms, Burn
Spellbooks, Renounce Religion, Evoke Flight


You were on level 1 of the Lair of Beasts.
You worshipped Trog.
Trog was extremely pleased with you.
You were starving.

You visited 2 branches of the dungeon, and saw 10 of its levels.

You collected 548 gold pieces.

Inventory:

Hand Weapons
 D - a +0 war axe (weapon)
 F - a +3 scimitar of flaming
Missiles
 v - a poisoned tomahawk (quivered)
 A - 26 poisoned needles
Armour
 G - a +0 cloak (worn)
Jewellery
 g - an amulet of faith (around neck)
 i - a ring of protection from fire (right hand)
 j - a ring of flight (left hand)
 w - an uncursed ring of see invisible
Wands
 n - a wand of paralysis (8/24)
 p - a wand of disintegration (11/24)
 H - a wand of acid (8/15)
Scrolls
 b - a scroll of magic mapping
 c - a scroll of fear {unknown}
 f - a scroll of remove curse {unknown}
 h - 3 scrolls of teleportation
 k - 2 scrolls of immolation
 l - a scroll of enchant weapon {unknown}
 x - a scroll of vulnerability {unknown}
 y - 3 scrolls of fog {unknown}
 C - a scroll of enchant armour {unknown}
Potions
 a - a potion of lignification {unknown}
 e - a potion of agility
 q - a potion of invisibility {unknown}
 s - a potion of cancellation
 t - 2 potions of resistance
 u - 3 potions of berserk rage {unknown}
 B - a potion of ambrosia {unknown}
 E - a potion of curing
Comestibles
 d - 2 meat rations
 m - 7 bread rations
 o - a beef jerky
 r - 2 fruits


   Skills:
 + Level 8.7 Fighting
 + Level 11.5 Axes
 + Level 4.4 Throwing
 + Level 7.4 Dodging
 + Level 4.2 Stealth


You had 9 spell levels left.
You didn't know any spells.

Dungeon Overview and Level Annotations

Branches:
Dungeon (9/15)             Temple (0/1) D:5            Lair (1/6) D:9
    Orc: D:9-12

Altars:
Kikubaaqudgha
Okawaru
Trog
Zin

Annotations:
D:8 Maurice


Innate Abilities, Weirdness & Mutations

You can breathe bolts of dispelling energy.
Your rich purple scales are hard. (AC +7)
You cannot fit into any form of body armour.
You are cold-blooded and may be slowed by cold attacks.
You have supernaturally acute eyesight. (SInv)
You tend to lose your temper in combat.
You passively map a small area around you.
Your spells are a little harder to cast, but a little more powerful.


Message History

The black mamba bites you.
* * * LOW HITPOINT WARNING * * *
You are poisoned.
The black mamba poisons you! The black mamba bites you.
* * * LOW HITPOINT WARNING * * *
You barely miss the black mamba.
You feel sick. The black mamba completely misses you.
You closely miss the black mamba.
You are starving!
You feel sick. The black mamba bites you!
* * * LOW HITPOINT WARNING * * *
You completely miss the black mamba.
Your tail-slap misses the black mamba.
The black mamba bites you.
* * * LOW HITPOINT WARNING * * *
You miss the black mamba.
You feel sick. The black mamba barely misses you.
You closely miss the black mamba.
You feel sick. The black mamba misses you.
You slice the black mamba!!
The black mamba is heavily wounded.
The black mamba bites you!
You die...

........!.## , ,, +
, * .........#.###
* ........%[...# ,
, ,..%....,#.#.# *
+ * * ......##...##
#P.+......#* ,
#P.......# ,
#####........#...
#.##.+P#.@.8.....
#......##.S...#..
#......###....... ,
##.......# #......
#.......+..##..8..>
, ##......####
#.... ##'##### ....
, #.### ... #.#.#
** ,


You could see a black mamba.

Vanquished Creatures
  Erica (D:8)
  An unseen horror (D:8)
  A troll (D:9)
  A hornet (D:7)
  A two-headed ogre (D:7)
  A hippogriff (D:9)
  4 yaks (D:9)
  7 humans (D:9)
  A hungry ghost (D:9)
  A wyvern (D:8)
  Grum (D:8)
  2 sky beasts
  An orc warrior (D:6)
  2 ice beasts
  3 phantoms
  4 wolves (D:8)
  A necrophage (D:6)
  3 centaurs
  2 ogres
  2 bullfrogs
  2 scorpions (D:9)
  3 crimson imps
  A howler monkey (D:8)
  A bullfrog zombie (D:6)
  A jelly (D:9)
  5 orc wizards
  2 orc priests (D:4)
  3 bullfrog skeletons
  6 hounds
  Crazy Yiuf (D:6)
  7 worker ants
  Robin (D:2)
  2 howler monkey skeletons
  A howler monkey zombie (D:5)
  11 adders
  3 shadow imps
  2 oozes
  An adder skeleton (D:4)
  2 worms
  2 dart slugs
  9 leopard geckos
  17 orcs
  4 giant cockroaches
  10 hobgoblins
  10 jackals
  12 kobolds
  2 quokkas
  9 bats
  20 frilled lizards
  19 goblins
  A quokka skeleton (D:7)
  A quokka zombie (D:5)
  10 rats
221 creatures vanquished.

Vanquished Creatures (collateral kills)
  Psyche (D:9)
  2 yaks (D:9)
  2 hounds (D:9)
  A jackal (D:9)
6 creatures vanquished.

Vanquished Creatures (others)
  A human (D:6)
  An orc wizard (D:4)
2 creatures vanquished.

Grand Total: 229 creatures vanquished

Notes
Turn   | Place    | Note
-------+----------+-------------------------------------------
     0 | D:1      | syranez the Draconian Berserker began the quest for the Orb.
     0 | D:1      | Reached XP level 1. HP: 19/19 MP: 1/1
    86 | D:1      | Reached XP level 2. HP: 17/26 MP: 2/2
   812 | D:1      | Reached ** piety under Trog
   833 | D:1      | Reached XP level 3. HP: 31/31 MP: 3/3
  1544 | D:2      | Found a glowing silver altar of Zin.
  1544 | D:2      | Found a bloodstained altar of Trog.
  1869 | D:2      | Reached skill level 4 in Axes
  1963 | D:2      | Reached skill level 1 in Throwing
  2171 | D:2      | Reached XP level 4. HP: 26/40 MP: 4/4
  2293 | D:2      | Noticed Robin
  2300 | D:2      | Reached *** piety under Trog
  2308 | D:2      | Killed Robin
  2812 | D:3      | Reached XP level 5. HP: 46/46 MP: 5/5
  3148 | D:3      | Reached **** piety under Trog
  3355 | D:3      | Reached skill level 5 in Axes
  3459 | D:3      | Reached skill level 1 in Stealth
  3785 | D:4      | Reached XP level 6. HP: 52/52 MP: 6/6
  4285 | D:4      | Gained mutation: You tend to lose your temper in combat. [potion of mutation]
  4285 | D:4      | Gained mutation: You passively map a small area around you. [potion of mutation]
  4285 | D:4      | Gained mutation: You have supernaturally acute eyesight. (SInv) [potion of mutation]
  4378 | D:4      | Reached ***** piety under Trog
  4470 | D:4      | Found an iron altar of Okawaru.
  4541 | D:4      | Found an iron altar of Okawaru.
  4790 | D:5      | Entered Level 5 of the Dungeon
  4816 | D:5      | Your scales start taking on a rich purple colour.
  4816 | D:5      | Reached XP level 7. HP: 58/59 MP: 7/7
  4828 | D:5      | Received a gift from Trog
  4919 | D:5      | Reached skill level 6 in Axes
  5509 | D:5      | Found a staircase to the Ecumenical Temple.
  5976 | D:6      | Reached skill level 7 in Axes
  5978 | D:6      | Reached skill level 5 in Fighting
  5978 | D:6      | Reached XP level 8. HP: 67/67 MP: 8/8
  6334 | D:6      | Found an ancient bone altar of Kikubaaqudgha.
  6517 | D:6      | Reached skill level 8 in Axes
  6811 | D:6      | Found a runed door.
  6816 | D:6      | Noticed Crazy Yiuf
  6822 | D:6      | Killed Crazy Yiuf
  7090 | D:7      | Noticed a two-headed ogre
  7097 | D:7      | Killed a two-headed ogre
  7221 | D:7      | Reached skill level 5 in Dodging
  7293 | D:7      | Noticed a hornet
  7307 | D:7      | Paralysed by a hornet for 1 turns
  7315 | D:7      | Killed a hornet
  7315 | D:7      | Reached XP level 9. HP: 74/74 MP: 9/9
  7626 | D:7      | Paralysed by a centaur for 6 turns
  7639 | D:7      | Reached skill level 9 in Axes
  8086 | D:8      | Noticed Maurice
  8222 | D:8      | Noticed Erica
  8236 | D:8      | Killed Erica
  8662 | D:8      | Noticed Grum
  8688 | D:9      | Found a staircase to the Lair.
  8951 | D:8      | Killed Grum
  8953 | D:8      | Reached skill level 10 in Axes
  9116 | D:8      | Noticed an unseen horror
  9159 | D:8      | Killed an unseen horror
  9159 | D:8      | Reached XP level 10. HP: 14/88 MP: 10/10
  9169 | D:8      | Gained mutation: Your spells are a little harder to cast, but a little more powerful. [mutagenic meat]
  9918 | D:9      | Found a runed door.
  9933 | D:9      | Found a runed door.
  9934 | D:9      | Noticed Psyche
  9959 | D:9      | Reached skill level 11 in Axes
  9975 | D:9      | Killed Psyche
  9999 | D:9      | Received a gift from Trog
 10830 | Lair:1   | Entered Level 1 of the Lair of Beasts
 10854 | Lair:1   | Noticed a black mamba
 10872 | Lair:1   | HP: 6/135 [poisoned by a black mamba]
 10873 | Lair:1   | Mangled by a black mamba

Skill      XL: |  1  2  3  4  5  6  7  8  9 10 |
---------------+-------------------------------+-----
Dodging        | 3 4 5 6 7 |  7.4
Axes           | 4 5 7 8 10 11 | 11.5
Throwing       | 1 2 3 4 |  4.4
Fighting       | 4 5 6 7 8 |  8.7
Stealth        | 1 2 3 4 |  4.2

Action                   |  1- 3 |  4- 6 |  7- 9 | 10-12 || total
-------------------------+-------+-------+-------+-------++-------
Melee: Hand axe          |   129 |   213 |   256 |       ||   598
       Tailslap          |     9 |    24 |    54 |    15 ||   102
       Arbalest          |       |       |     1 |       ||     1
       War axe           |       |       |    91 |   126 ||   217
Throw: Javelin           |    44 |    41 |    13 |     6 ||   104
       Tomahawk          |       |       |     7 |     9 ||    16
Invok: Berserk           |       |     3 |    10 |     4 ||    17
       Burn Spellbooks   |       |       |     2 |       ||     2
       Brothers in Arms  |       |       |       |     1 ||     1
 Abil: Breathe Dispellin |       |       |     1 |       ||     1
  Use: Scroll            |       |     4 |     2 |     3 ||     9
       Potion            |       |     6 |     1 |     2 ||     9
 Stab: Sleeping          |       |     1 |     2 |       ||     3
  Eat: Chunk             |     4 |    12 |    10 |     9 ||    35
       Royal jelly       |       |       |     2 |       ||     2
       Fruit             |       |       |     2 |       ||     2
       Meat ration       |       |       |     1 |       ||     1
       Bread ration      |       |       |     1 |       ||     1
       Pizza             |       |       |     1 |       ||     1
       Beef jerky        |       |       |       |     1 ||     1
Armor: Skin              |    44 |    63 |    80 |    37 ||   224
Dodge: Dodged            |    91 |   128 |   259 |   115 ||   593
